AoeStats
← den svarte mannen

Nomad

509466686Analyzed
3v3 RM · 5d ago on Sep 26, 2026· 24m 46s· 6 players
Game mode
Random Map
Map size
210×210
Population
200
Speed
Normal
Resources
Standard
Victory
Conquest
Starting age
Dark Age
Ending age
Imperial Age
RankedLock teamsTeams togetherTeam positionsShared explorationLock speedFull tech treeHidden civsTurbo modeCheats
Victory
Defeat
🇸🇪 Dravidians · Sweden
1330
+10
🇸🇪 Khmer · Sweden
1317
+11
🇸🇪 Goths · Sweden
1278
+12
🇫🇷 Britons · France
1237
-12
🇲🇽 Malians · Mexico
1195
-11
🇲🇽 Khitans · Mexico
1166
-10
adriboubou
5:16 Loom
12:55 Feudal Age
18:05 Castle Age
16:10 Double-Bit Axe
21:20 Bow Saw
23:05 Horse Collar
22:56 Elite Skirmisher
MXShino88
5:53 Loom
13:51 Feudal Age
17:38 Castle Age
16:23 Stone Mining
17:36 Double-Bit Axe
18:48 Bow Saw
21:15 Wheelbarrow
20:49 Man-at-Arms
83T01SRA3L
4:57 Loom
14:41 Feudal Age
16:07 Double-Bit Axe
19:00 Castle Age
17:50 Gold Mining
18:19 Forging
20:55 Iron Casting
25:01 Scale Barding Armor
Den gröne mannen
10:03 Loom
11:50 Feudal Age
12:43 Double-Bit Axe
19:08 Castle Age
18:41 Scale Barding Armor
18:55 Bloodlines
19:12 Horse Collar
20:19 Medium Warships
24:11 Chain Barding Armor
johg0001
4:27 Loom
12:31 Feudal Age
14:00 Town Watch
17:56 Castle Age
16:12 Double-Bit Axe
18:32 Fletching
18:42 Padded Archer Armor
18:42 Crossbowman
19:45 Bow Saw
20:19 Gold Mining
21:29 Medium Warships
21:40 Bodkin Arrow
24:11 Thumb Ring
den svarte mannen
4:19 Loom
14:01 Feudal Age
17:32 Castle Age
15:54 Double-Bit Axe
23:57 Forging
24:02 Squires
Connection lost

Rejoining the realm…

Still unreachable

The connection could not be restored.

Session expired

The server has moved on; the page needs a fresh start.